 Dungeon Crawl Stone Soup version 0.30-a0-743-gbfdf073431 (webtiles) character file.

Game seed: 854490281957574283

408 jimonade the Covert (level 6, -4/36 HPs)
             Began as a Vampire Brigand on Feb 6, 2023.
             Slain by a gnoll
             ... wielding a +0 halberd
              (6 damage)
             ... on level 4 of the Dungeon.
             The game lasted 00:05:19 (2250 turns).

jimonade the Covert (Vampire Brigand)               Turns: 2250, Time: 00:05:19

Health: -4/36      AC:  7    Str: 10    XL:     6   Next: 57%
Magic:  6/6        EV: 10    Int: 13    God:
Gold:   158        SH:  0    Dex: 18    Spells: 5/5 levels left

rFire   . . .      SeeInvis +    a - +4 scythe (vamp)
rCold   + + .      Faith    .    (shield currently unavailable)
rNeg    + + +      Spirit   .    v - +0 ring mail
rPois   ∞          Reflect  .    (no helmet)
rElec   .          Harm     .    c - +0 cloak
rCorr   .          Rampage  .    u - +0 pair of gloves
Will    .....                    (no boots)
Stlth   ++++++                   (no amulet)
HPRegen 0.00/turn                A - +4 ring of slaying
MPRegen 0.10/turn                (no ring)

@: bloodless, inhibited regen
A: bloodless, fangs 3, see invisible, vampiric 2
a: Bat Form, Revivify


You were on level 4 of the Dungeon.
You visited 1 branch of the dungeon, and saw 4 of its levels.

You collected 158 gold pieces.

Inventory:

Hand Weapons
 a - a +4 vampiric scythe (weapon)
 w - a +2 dagger
Missiles
 d - 9 poisoned darts (quivered)
 e - 3 curare-tipped darts
Armour
 b - a +0 robe
 c - a +0 cloak (worn)
 i - a +0 leather armour
 u - a +0 pair of gloves (worn)
 v - a +0 ring mail (worn)
Jewellery
 A - a +4 ring of slaying (left hand)
Scrolls
 g - 3 scrolls of identify {unknown}
 h - 2 scrolls of fear {unknown}
 j - 2 scrolls of blinking {unknown}
 k - 2 scrolls of teleportation {unknown}
 m - 2 scrolls of enchant weapon {unknown}
 p - a scroll of summoning {unknown}
 q - a scroll of amnesia {unknown}
 r - a scroll of torment {unknown}
 t - a scroll of poison {unknown}
 x - a scroll of immolation {unknown}
 y - a scroll of magic mapping {unknown}
Potions
 f - a potion of flight {unknown}
 l - 2 potions of brilliance {unknown}
 n - a potion of mutation {unknown}
 o - a potion of attraction {unknown}
 s - a potion of lignification {unknown}
 z - a potion of heal wounds {unknown}
 B - a potion of curing {unknown}


   Skills:
 + Level 2.4 Fighting
 - Level 4.4 Short Blades
 * Level 2.1 Polearms
 + Level 1.6 Throwing
 + Level 1.6 Armour
 + Level 1.4 Dodging
 + Level 8.6 Stealth


You had 5 spell levels left.
You didn't know any spells.
Your spell library contained the following spells:

 Spells                   Type           Power      Damage    Failure   Level
 Apportation              Tloc           0%         N/A       61%         1
 Necrotise                Necr           0%         1d4       61%         1
 Summon Small Mammal      Summ           0%         N/A       61%         1
 Animate Armour           Summ/Erth      0%         N/A       100%        4
 Blade Hands              Tmut           0%         N/A       100%        5
 Iron Shot                Conj/Erth      0%         9d1       100%        6


Dungeon Overview and Level Annotations

Branches:
Dungeon (4/15)
 Temple: D:4-7

Altars:
Kikubaaqudgha

Shops:
D:1 =


Innate Abilities, Weirdness & Mutations

You do not regenerate when monsters are visible.
You are frail without blood (-20% HP).
You can heal yourself when you bite living creatures.
You are immune to poison.
You have razor-sharp teeth.
You have supernaturally acute eyesight. (SInv)
You are afflicted with vampirism and can become a bat while bloodless.


Message History

The orc hits you but does no damage. The orc closely misses you.
Things that are here:
a +0 club; a +0 ring mail; an orc corpse You closely miss the orc.
The orc is severely wounded.
The orc hits you with a +0 club.
* * * LOW HITPOINT WARNING * * *
The orc misses you. The orc closely misses you. The orc barely misses you.
The orc closely misses you.
You closely miss the orc. The orc hits you with a +0 dagger.
* * * LOW HITPOINT WARNING * * *
The orc closely misses you. The orc barely misses you.
The orc hits you but does no damage.
You closely miss the orc.
The orc is severely wounded.
The orc hits you but does no damage. The orc hits you with a +0 dagger.
* * * LOW HITPOINT WARNING * * *
The orc hits you but does no damage. The orc closely misses you.
You puncture the orc!
You feel better.
You kill the orc!
The orc hits you but does no damage. The orc barely misses you.
The orc closely misses you. x2; The orc barely misses you.
You slash the orc!
You kill the orc!
The orc closely misses you.
A gnoll comes into view. It is wielding a +0 club.
You hit the orc but do no damage.
The sentinel's mark upon you fades away.
The gnoll hits you with a +0 flail.
* * * LOW HITPOINT WARNING * * *
The orc hits you with a +0 club.
* * * LOW HITPOINT WARNING * * *
The orc hits you but does no damage. The gnoll barely misses you.
The orc completely misses you. The gnoll barely misses you.
The orc hits you but does no damage. The orc hits you with a +0 club.
* * * LOW HITPOINT WARNING * * *
A gnoll comes into view. It is wielding a +0 halberd.
The orc hits you but does no damage.
The gnoll hits you from afar with a +0 halberd.
You die... #+# #.# #.# #.##++# #.....# #.)...# #.##### #O#ggo#

#o..#@#
#'#goo#
...#####
#...
#### ≈≈
~~~ ...


You could see 3 gnolls and 3 orcs.

Vanquished Creatures
  Sigmund (D:2)
  An orc wizard (D:4)
  9 gnolls
  4 adders
  2 worms
  2 dart slugs
  13 orcs
  7 ball pythons
  2 bats
  12 endoplasms
  A giant cockroach (D:1)
  7 goblins
  7 hobgoblins
  3 quokkas
  5 frilled lizards
  3 kobolds
  4 rats (D:1)
83 creatures vanquished.

Notes
Turn   | Place    | Note
-------+----------+-------------------------------------------
     0 | D:1      | jimonade the Vampire Brigand began the quest for the Orb.
     0 | D:1      | Reached XP level 1. HP: 16/16 MP: 1/1
    48 | D:1      | Reached skill level 6 in Stealth
   100 | D:1      | Found Weleheg's Jewellery Shop.
   192 | D:1      | Reached XP level 2. HP: 17/17 MP: 2/2
   727 | D:1      | Gained mutation: You are afflicted with vampirism and can
                  | become a bat while bloodless. [Vampire growth]
   727 | D:1      | Reached XP level 3. HP: 19/21 MP: 3/3
  1308 | D:2      | Noticed Sigmund
  1311 | D:2      | Killed Sigmund
  1312 | D:2      | Reached skill level 1 in Armour
  1312 | D:2      | Reached skill level 8 in Stealth
  1312 | D:2      | Reached XP level 4. HP: 26/26 MP: 4/4
  1312 | D:2      | Reached XP level 5. HP: 30/30 MP: 5/5
  1552 | D:3      | You fall into a shaft and drop 1 floor!
  1700 | D:3      | Reached XP level 6. HP: 35/35 MP: 6/6
  1701 | D:3      | Found an ancient bone altar of Kikubaaqudgha.
  1793 | D:3      | Reached skill level 1 in Polearms
  2250 | D:4      | Slain by a gnoll

Illustrated notes

Levels and vault maps discovered:
D:1:      dpeg_arrival_castle, layout_loops_corners, serial_shops,
          nicolae_diamond_shop, chequers_jeans
D:2:      layout_rooms, grunt_ministairs_5, uniq_sigmund
D:3:      layout_basic, mainiacjoe_overflow_catwalk_spiral,
          lightli_corner_chamber
D:4:      lemuel_castle_with_subvaults [lemuel_castle_interior_carwin_3],
          layout_basic, worldfamousw_hep_ancestral_shrine,
          gammafunk_ghost_split, minmay_misc_feat_roman

Skill      XL: |  1  2  3  4  5  6 |
---------------+-------------------+-----
Stealth        | 6 8 |  8.6
Short Blades   | 3 4 |  4.4
Fighting       | 2 |  2.4
Armour         | 1 |  1.6
Polearms       | 2 |  2.1
Throwing       | |  1.6
Dodging        | |  1.4

Action                     |  1- 3 |  4- 6 || total
---------------------------+-------+-------++-------
  Melee: Dagger            |    54 |       ||    54
         Bite              |     2 |     7 ||     9
         Halberd           |       |    94 ||    94
Ability: Exsanguinate      |     1 |       ||     1
   Stab: Sleeping          |    20 |    11 ||    31
         Distracted        |       |     2 ||     2
 Armour: Robe              |     3 |       ||     3
         Leather armour    |     7 |       ||     7
         Ring mail         |       |    50 ||    50
  Dodge: Dodged            |    12 |    69 ||    81

Table legend: (Time is in decaauts)
 A = Elapsed time spent in this place.
 B = Non-inter-level travel time spent in this place.
 C = Inter-level travel time spent in this place.
 D = Time resting spent in this place.
 E = Time spent auto-exploring this place.
 F = Levels seen in this place.
 G = Mean time per level.
                   A        B        C        D        E       F      G
               +--------+--------+--------+--------+--------+-----+--------+
         Total |   2292 |   2131 |    161 |      0 |   1487 |   4 |  573.0 |
       Dungeon |   2292 |   2131 |    161 |      0 |   1487 |   4 |  573.0 |
               +--------+--------+--------+--------+--------+-----+--------+

Top non-repeatable levels by time:
     D:1: 994 daAuts
     D:3: 606 daAuts
     D:2: 561 daAuts
     D:4: 129 daAuts
